 Dungeon Crawl Stone Soup version 0.19-a0-1937-g70ed36a (webtiles) character file.

11814 Amciq the Grappler (level 11, -19/111 HPs)
             Began as a Troll Monk on Oct 27, 2016.
             Was an Elder of Ashenzari.
             Demolished by a komodo dragon (36 damage)
             ... on level 2 of the Lair of Beasts.
             The game lasted 00:51:04 (8276 turns).

Amciq the Grappler (Troll Monk)                     Turns: 8276, Time: 00:51:05

Health: -19/111    AC:  8    Str: 24    XL:     11   Next: 54%
Magic:  9/10       EV: 16    Int:  4    God:    Ashenzari [****..]
Gold:   651        SH:  0    Dex: 14    Spells: 2 memorised, 5 levels left

rFire  . . .     SeeInvis +       - Unarmed
rCold  . . .     Gourm    +     M - +1 troll leather armour (curse)
rNeg   . . .     Faith    .     (no shield)
rPois  +         Spirit   .     (helmet restricted)
rElec  .         Reflect  .     (no cloak)
rCorr  .         Harm     +     (gloves unavailable)
MR     .....     Clarity  +     (boots unavailable)
Stlth  +.........               d - amulet of harm (curse)
                                p - +2 ring of evasion (curse)
                                q - ring of poison resistance (curse)

@: drained
A: unfitting armour, claws 3, dopey 1, fast metabolism 3, gourmand, regeneration
1, shaggy fur 1, strong 1, tough skin 2
a: Curse Item, Scrying, Renounce Religion


You were on level 2 of the Lair of Beasts.
You worshipped Ashenzari.
Ashenzari was greatly pleased with you.
You were very full.

You visited 2 branches of the dungeon, and saw 12 of its levels.
You also visited: Bailey.

You collected 651 gold pieces.

Inventory:

Missiles
 t - 47 tomahawks of returning (quivered)
Armour
 M - a cursed +1 troll leather armour (worn)
Jewellery
 d - a cursed amulet of harm (around neck)
 p - a cursed +2 ring of evasion (right claw)
 q - a cursed ring of poison resistance (left claw)
 v - an uncursed amulet of magic regeneration
 y - an uncursed ring of protection from magic
 A - an uncursed ring of flight
 K - a +3 amulet of reflection
 L - the amulet "Geixtixtu" {Gourm rN+ Int+4}
   (You found it on level 8 of the Dungeon)

   [amulet of the gourmand]

   It allows you to eat raw meat even when not hungry.
   It affects your intelligence (+4).
   It protects you from negative energy.
Wands
 B - a wand of disintegration (11/24)
 I - a wand of random effects (8/48)
Scrolls
 c - 2 scrolls of enchant weapon
 e - 3 scrolls of identify
 g - 2 scrolls of fog
 j - 2 scrolls of magic mapping
 k - 2 scrolls of blinking
 l - 4 scrolls of amnesia
 n - a scroll of immolation
 C - 2 scrolls of remove curse
 O - a scroll of teleportation {unknown}
Potions
 a - a potion of brilliance {unknown}
 h - a potion of cancellation
 i - 3 potions of curing
 o - a potion of mutation
 s - a potion of invisibility
 u - a potion of lignification {unknown}
 w - a potion of ambrosia
 x - 2 potions of agility
Books
 m - the Guide on Aerial Summoning
   (You found it on level 9 of the Dungeon)

   Spells                             Type                      Level
   a - Repel Missiles                 Charms/Air                   2
   b - Mephitic Cloud                 Conjuration/Poison/Air       3
   c - Summon Ice Beast               Ice/Summoning                4
   d - Freezing Cloud                 Conjuration/Ice/Air          6
 D - a book of Minor Magic

   Spells                             Type                      Level
   a - Magic Dart                     Conjuration                  1
   b - Blink                          Translocation                2
   c - Call Imp                       Summoning                    2
   d - Repel Missiles                 Charms/Air                   2
   e - Slow                           Hexes                        2
   f - Conjure Flame                  Conjuration/Fire             3
   g - Mephitic Cloud                 Conjuration/Poison/Air       3
 F - a Fen Folio

   Spells                             Type                      Level
   a - Corpse Rot                     Necromancy                   2
   b - Stone Arrow                    Conjuration/Earth            3
   c - Leda's Liquefaction            Hexes/Earth                  4
   d - Summon Forest                  Summoning/Translocation      5
   e - Hydra Form                     Transmutation                6
   f - Summon Hydra                   Summoning                    7
 J - a book of Air

   Spells                             Type                      Level
   a - Shock                          Conjuration/Air              1
   b - Swiftness                      Charms/Air                   2
   c - Repel Missiles                 Charms/Air                   2
   d - Static Discharge               Conjuration/Air              3
   e - Lightning Bolt                 Conjuration/Air              5
 N - a book of Battle

   Spells                             Type                      Level
   a - Infusion                       Charms                       1
   b - Shroud of Golubria             Charms/Translocation         2
   c - Song of Slaying                Charms                       2
   d - Spectral Weapon                Hexes/Charms                 3
   e - Regeneration                   Charms/Necromancy            3
Comestibles
 b - 11 bread rations
 f - 2 slices of pizza
 r - 8 beef jerkies
 z - 4 meat rations
 E - 8 fruits
 H - a royal jelly


   Skills:
 + Level 7.9(7.8) Fighting
 + Level 7.7(7.6) Throwing
 + Level 8.1(8.0) Dodging
 - Level 1.2(1.1) Stealth
 + Level 9.6(9.5) Unarmed Combat
 + Level 0.1(0.5) Charms
 + Level 0.1(0.5) Necromancy
 + Level 3.7(6.8) Translocations


You had 5 spell levels left.
You knew the following spells:

 Your Spells              Type           Power        Failure   Level  Hunger
a - Blink                 Tloc           N/A          10%         2    ###....
b - Regeneration          Chrm/Necr      #.........   98%         3    ####...


Dungeon Overview and Level Annotations

Branches:
Dungeon (10/15)            Temple (0/1) D:4            Lair (2/6) D:8
  Swamp: Lair:2-4    Shoals: Lair:2-4     Snake: Lair:2-4    Spider: Lair:2-4
    Orc: D:9-12

Altars:
Ashenzari
Dithmenos
Elyvilon
Hepliaklqana
Kikubaaqudgha
Nemelex Xobeh
Qazlal
Ru
Trog
Xom
Yredelemnul
The Shining One

Shops:
D:6 [   D:8 :


Innate Abilities, Weirdness & Mutations

You are too large for most types of armour.
You have claws for hands.
Your metabolism is lightning-fast.
You like to eat raw meat.
Your natural rate of healing is unusually fast.
You are covered in fur. (AC +1)
You have very tough skin. (AC +2)
You are dopey. (Int -2)
Your muscles are strong. (Str +2)


Message History

The komodo dragon bites you!
* * * LOW HITPOINT WARNING * * *
The komodo dragon misses you. The wolf bites you!
* * * LOW HITPOINT WARNING * * *
Okay, then.
Okay, then.
As you read the scroll of fog, it crumbles to dust.
The scroll dissolves into smoke.
The wolf closely misses you.
The komodo dragon completely misses you. x2
The porcupine closely misses you. The wolf misses you.
Found 23 gold pieces.
The wolf bites you.
* * * LOW HITPOINT WARNING * * *
Found a lead wand.
A wolf comes into view.
As you read the scroll labeled FIGAODGHIPRE, it crumbles to dust.
The creatures around you are filled with an inner flame!
It was a scroll of immolation.
The wolf bites you but does no damage. The komodo dragon bites you!!
You die...

, , ,,,, ,, #..
...# * * * , ,
,* {##
...#...#* * ,
,, ,
*##.##.....#**
** ** , ,,
*...#.#..#* **
,, ,*
,###.....P* * ,
,, , ,
###$##§§§## *,,
, ,
,,.##....§#§§.#
,,,, * *
.h....[rhl§...#
* , *
#.....@l§....#
* , **
##...........#
,,,
#P...........#
*##...........#
** ,
*............##
#P..........$#
* *
#............#
*, ,
............/#
* ,, , ,,, , *
*, ,


You could see 2 komodo dragons, 2 wolves and a porcupine (inner flame).

Vanquished Creatures
  Erica (D:9)
  2 orc knights (Bailey)
  A centaur zombie (D:9)
  A gargoyle (D:9)
  A kobold demonologist (D:8)
  A troll (D:9)
  A two-headed ogre (D:9)
  The ghost of Softman25 the Poker, an amateur MfGl (D:4)
  Grinder (D:5)
  A meliai zombie (D:10)
  2 hippogriffs
  2 yaks (D:8)
  Eustachio (D:6)
  A hungry ghost (D:8)
  3 vampire mosquitoes (D:9)
  2 water moccasins (Lair:1)
  2 ice beasts (D:5)
  5 necrophages (D:10)
  A black bear (D:6)
  8 orc warriors
  2 phantoms
  A sky beast (D:10)
  8 ogres
  5 centaurs
  2 crocodiles (D:8)
  20 big kobolds
  6 bullfrogs
  A scorpion (D:9)
  A water moccasin skeleton (D:9)
  5 killer bees (D:8)
  A wight (D:10)
  A howler monkey (D:8)
  2 bullfrog zombies
  8 crimson imps
  A jelly (D:7)
  5 hounds
  4 orc priests
  5 orc wizards
  3 bullfrog skeletons
  3 iguanas
  Jessica (D:3)
  3 centaur skeletons
  4 worker ants
  A killer bee zombie (D:10)
  2 hound zombies
  A howler monkey zombie (D:10)
  2 worker ant zombies
  10 gnolls
  12 adders
  A shadow imp (D:5)
  3 adder skeletons
  2 adder zombies
  A worm (D:3)
  A dart slug (D:3)
  2 leopard geckos
  39 orcs
  22 bats
  8 giant cockroaches
  11 goblins
  9 hobgoblins
  3 jackals (D:6)
  2 quokkas
  2 ball pythons
  6 frilled lizards
  24 kobolds
  A quokka zombie (D:5)
  14 rats
  A spectral orc (D:6)
310 creatures vanquished.

Vanquished Creatures (others)
  2 fungi (D:8)
2 creatures vanquished.

Grand Total: 312 creatures vanquished

Notes
Turn   | Place    | Note
-------+----------+-------------------------------------------
     0 | D:1      | Amciq the Troll Monk began the quest for the Orb.
     0 | D:1      | Reached XP level 1. HP: 22/22 MP: 0/0
    63 | D:1      | Reached XP level 2. HP: 29/29 MP: 1/1
   823 | D:2      | Reached XP level 3. HP: 35/36 MP: 2/2
  1210 | D:2      | Reached XP level 4. HP: 44/44 MP: 3/3
  1364 | D:3      | Reached skill level 1 in Throwing
  1408 | D:3      | Reached skill level 4 in Unarmed Combat
  1411 | D:3      | Reached XP level 5. HP: 17/53 MP: 4/4
  1536 | D:3      | Found an ancient bone altar of Kikubaaqudgha.
  1538 | D:3      | Found a hazy altar of Hepliaklqana.
  1541 | D:3      | Found a bloodstained altar of Trog.
  1545 | D:3      | Found a shimmering altar of Xom.
  1550 | D:3      | Found a shattered altar of Ashenzari.
  1556 | D:3      | Became a worshipper of Ashenzari the Shackled
  1556 | D:3      | Reached * piety under Ashenzari
  1556 | D:3      | Reached ** piety under Ashenzari
  1608 | D:3      | Noticed an orc warrior
  1618 | D:3      | Killed an orc warrior
  1713 | D:3      | Reached XP level 6. HP: 50/61 MP: 5/5
  1761 | D:3      | Noticed Jessica
  1772 | D:3      | Killed Jessica
  2081 | D:4      | Found a staircase to the Ecumenical Temple.
  2220 | D:4      | Found a stormy altar of Qazlal.
  2226 | D:4      | Found a sacrificial altar of Ru.
  2227 | D:4      | Found a glowing golden altar of the Shining One.
  2236 | D:4      | Noticed Softman25's ghost (amateur MfGl)
  2244 | D:4      | Paralysed by Softman25's ghost for 3 turns
  2255 | D:4      | Killed Softman25's ghost
  2255 | D:4      | Reached skill level 5 in Unarmed Combat
  2255 | D:4      | Reached XP level 7. HP: 28/70 MP: 3/6
  2377 | D:4      | Found a shadowy altar of Dithmenos.
  2535 | D:5      | Entered Level 5 of the Dungeon
  2794 | D:5      | Reached XP level 8. HP: 4/79 MP: 7/7
  3080 | D:5      | Noticed Grinder
  3109 | D:5      | Paralysed by Grinder for 3 turns
  3117 | D:5      | Killed Grinder
  3410 | D:5      | Reached skill level 5 in Dodging
  3410 | D:5      | Reached skill level 6 in Unarmed Combat
  3526 | D:6      | Noticed Eustachio
  3542 | D:6      | Killed Eustachio
  3542 | D:6      | Reached skill level 5 in Fighting
  3577 | D:6      | Learned a level 2 spell: Blink
  3610 | D:6      | Reached *** piety under Ashenzari
  3754 | D:6      | Found Vuxe's Armour Emporium.
  3821 | D:6      | Reached skill level 1 in Translocations
  3821 | D:6      | Reached XP level 9. HP: 73/88 MP: 8/8
  3962 | D:6      | Found a basalt altar of Yredelemnul.
  4165 | D:7      | Found a shimmering altar of Xom.
  4275 | D:7      | Reached skill level 7 in Unarmed Combat
  4297 | D:7      | Reached skill level 5 in Throwing
  5273 | D:8      | Found Orur's Book Shoppe.
  5350 | D:8      | Identified the amulet "Geixtixtu" {Gourm rN+ Int+4}
  5358 | D:8      | Reached XP level 10. HP: 92/98 MP: 9/9
  5370 | D:8      | Reached skill level 8 in Unarmed Combat
  5538 | D:8      | Found a white marble altar of Elyvilon.
  5622 | D:8      | Found a staircase to the Lair.
  5813 | D:8      | Gained mutation: Your muscles are strong. (Str +2) [potion of mutation]
  5813 | D:8      | Gained mutation: You are dopey. (Int -2) [potion of mutation]
  6074 | D:9      | Found a glowing golden altar of the Shining One.
  6205 | D:9      | Reached **** piety under Ashenzari
  6373 | D:9      | Noticed Erica
  6390 | D:9      | Killed Erica
  6417 | D:9      | Reached skill level 9 in Unarmed Combat
  6423 | D:9      | Reached XP level 11. HP: 60/109 MP: 10/10
  6546 | D:9      | Identified the Guide on Aerial Summoning
  6873 | D:10     | Entered Level 10 of the Dungeon
  6942 | D:10     | Found a flagged portal.
  7104 | Bailey   | Entered a bailey
  7120 | Bailey   | Noticed an orc knight
  7144 | Bailey   | Noticed an orc knight
  7221 | Bailey   | Identified the +3 ring mail of Paranoia {rElec Str+2}
  7254 | Bailey   | Killed an orc knight
  7258 | Bailey   | HP: 2/110 [orc warrior/broad axe (33)]
  7457 | Bailey   | Killed an orc knight
  7676 | D:10     | Found a sparkling altar of Nemelex Xobeh.
  7705 | D:10     | Identified a scroll of acquirement
  7984 | Lair:1   | Entered Level 1 of the Lair of Beasts
  8064 | Lair:1   | Learned a level 3 spell: Regeneration
  8276 | Lair:2   | Demolished by a komodo dragon

Vault maps used:
D:1:      minmay_arrival_four_houses
D:3:      minitemple, uniq_jessica
D:4:      grunt_temple_overflow_open, nicolae_overflow_hidden_temple
D:5:      first_bread, uniq_grinder
D:6:      yredelemnul_forgotten_temple_becter, serial_shops,
          nicolae_shop_crystal, uniq_eustachio
D:7:      basic_altar
D:8:      grunt_temple_overflow_lords_of_destruction,
          grunt_lair_entry_orc_guard_hut, basic_altar, serial_shops,
          nicolae_shop_trees, special_room
D:9:      grunt_ogre_cave, nicolae_tso_swordbearing_angel, uniq_erica
D:10:     lightli_bailey_entry_fortress, serial_undead, serial_undead_b,
          serial_undead_c, serial_undead_a, serial_undead_a,
          nemelex_xobeh_ov_fountains_minmay
Lair:1:   grunt_forest_small_clearings, serial_bayou_pond_b
Lair:2:   beast_lair_carwin_10, serial_bayou_shore_a
Bailey:   bailey_axe_4, bailey

Skill      XL: |  1  2  3  4  5  6  7  8  9 10 11 |
---------------+----------------------------------+-----
Fighting       | 3 4 5 6 7 |  7.9
Dodging        | 3 4 5 6 7 8 |  8.1
Throwing       | 1 2 3 4 5 6 7 |  7.7
Unarmed Combat | 4 5 6 7 9 |  9.6
Translocations | 1 2 3 |  3.7
Stealth        | |  1.2
Charms         | |  0.1
Necromancy     | |  0.1

Action                   |  1- 3 |  4- 6 |  7- 9 | 10-12 || total
-------------------------+-------+-------+-------+-------++-------
Melee: Unarmed           |   102 |   120 |   311 |   411 ||   944
       Punch             |       |     1 |    13 |    10 ||    24
Throw: Tomahawk          |       |     3 |       |       ||     3
 Cast: Blink             |       |       |       |     3 ||     3
Invok: Curse Item        |       |     1 |     3 |     1 ||     5
       Scrying           |       |       |       |     1 ||     1
Evoke: Wand              |       |       |       |     1 ||     1
  Use: Scroll            |     4 |     3 |     2 |    15 ||    24
       Potion            |       |     1 |     2 |     7 ||    10
 Stab: Sleeping          |     3 |       |     2 |       ||     5
       Distracted        |       |     1 |       |       ||     1
  Eat: Chunk             |    15 |     9 |    31 |    29 ||    84
Armor: Robe              |    67 |    22 |    56 |    22 ||   167
       Troll leather arm |       |       |       |    67 ||    67
Dodge: Dodged            |    80 |    62 |   210 |   361 ||   713
